 Dungeon Crawl Stone Soup version 0.16.2-12-gd0ad4c3 (webtiles) character file.

164 Aelig the Grave Robber (level 5, -14/35 HPs)
             Began as a Mummy Necromancer on Sept 18, 2015.
             Demolished by a mummy (18 damage)
             ... on level 4 of the Dungeon.
             The game lasted 00:07:46 (3477 turns).

Aelig the Grave Robber (Mummy Necromancer)          Turns: 3477, Time: 00:07:47

Health: -14/35     AC:  2    Str: 11    XL:     5   Next: 21%
Magic:  6/9        EV: 12    Int: 15    God:
Gold:   64         SH:  0    Dex: 12    Spells: 2 memorised, 4 levels left

rFire  x . .     SeeInvis .     d - +3 dagger
rCold  + . .     Clarity  .     a - +0 robe
rNeg   + + +     SustAb   .     (no shield)
rPois  ∞         Gourm    .     (no helmet)
rElec  .         Spirit   .     (no cloak)
rCorr  .         Warding  .     (no gloves)
rMut   .         Stasis   .     (no boots)
MR     .....                    (no amulet)
Stlth  ++........               (no ring)
                                (no ring)

@: not resistant to hostile enchantments, unstealthy
A: no food or potions, fire vulnerability, restore body, cold resistance 1,
negative energy resistance 3, poison resistance, torment resistance, unbreathing
a: no special abilities


You were on level 4 of the Dungeon.
You were not hungry.

You visited 1 branch of the dungeon, and saw 4 of its levels.
You also visited: Ossuary.

You collected 64 gold pieces.

Inventory:

Hand weapons
 d - a +3 dagger (weapon)
Armour
 a - a +0 robe (worn)
Jewellery
 c - a cursed amulet of warding {unknown}
 h - a +4 ring of protection {unknown}
Scrolls
 e - a scroll of amnesia {unknown}
 f - a scroll of teleportation {unknown}
 g - 2 scrolls of remove curse {unknown}
 i - 2 scrolls of identify {unknown}
 j - a scroll of noise {unknown}
Books
 b - a book of Necromancy

   Spells                             Type                      Level
   a - Pain                           Necromancy                   1
   b - Animate Skeleton               Necromancy                   1
   c - Vampiric Draining              Necromancy                   3
   d - Regeneration                   Charms/Necromancy            3
   e - Animate Dead                   Necromancy                   4
   f - Control Undead                 Necromancy                   4


   Skills:
 - Level 1.5 Dodging
 - Level 1.5 Stealth
 - Level 2.0 Spellcasting
 + Level 6.5 Necromancy


You had 4 spell levels left.
You knew the following spells:

 Your Spells              Type           Power        Failure   Level  Hunger
a - Pain                  Necr           ###.         1%          1    N/A
b - Vampiric Draining     Necr           ###.......   4%          3    N/A

Dungeon Overview and Level Annotations

Branches:
Dungeon (4/15)
 Temple: D:4-7

Altars:
Elyvilon
Trog


Innate Abilities, Weirdness & Mutations

You do not eat or drink.
Your flesh is vulnerable to fire.
Your flesh is cold resistant.
You are immune to negative energy.
Your system is resistant to poisons.
You are immune to unholy pain and torment.
You can survive without breathing.


Message History

There is an empty arch of ancient stone here.
Press: ? - help, v - describe, . - travel
Here: a mummy (hasn't noticed you)
The floor.
You hit the mummy but do no damage. The mummy hits you.
You hit the mummy.
The mummy is lightly damaged.
The mummy hits you! The mummy misses you. The mummy closely misses you.
There is a gate leading back out of this place here.
Welcome back to the Dungeon!
There is a collapsed entrance here.
You hit the mummy.
The mummy is lightly damaged.
The mummy hits you!!
Ouch! That really hurt!
* * * LOW HITPOINT WARNING * * *
The mummy hits you!!
Ouch! That really hurt!
You die...

... . . . ... ... .... .##.##
... ... .......##########.#.#.
..# #..............#.##..#
#..#####'#####.#..#.$#
##..##..^..##..##.#..#
##..##MMM##..###†...#
#...##@##..........#
#....###..######.#.# #
######+#.....#............# .
...............#.....###..#
...............#.....# #..#
...............#.....# #..#
...............#.....###..####
.......#+######.....+.<.....#
....... #.....###..##..


You could see 3 mummies.

Vanquished Creatures
  A hound (D:4)
  2 adders
  3 gnolls (D:3)
  A worm (D:2)
  4 giant geckos
  An ooze (D:2)
  5 orcs
  9 bats
  4 giant cockroaches
  12 goblins
  6 hobgoblins
  8 jackals
  7 kobolds
  2 quokkas
  4 giant newts
  4 rats
73 creatures vanquished.

Notes
Turn   | Place    | Note
--------------------------------------------------------------
     0 | D:1      | Aelig, the Mummy Necromancer, began the quest for the Orb.
     0 | D:1      | Reached XP level 1. HP: 13/13 MP: 3/3
   294 | D:1      | Reached XP level 2. HP: 16/19 MP: 0/4
  1026 | D:1      | Reached skill level 5 in Necromancy
  1027 | D:1      | Reached XP level 3. HP: 24/24 MP: 3/6
  1111 | D:1      | Learned a level 3 spell: Vampiric Draining
  1512 | D:2      | Found a bloodstained altar of Trog.
  2412 | D:2      | Reached XP level 4. HP: 30/30 MP: 4/7
  2794 | D:3      | Found a white marble altar of Elyvilon.
  3014 | D:3      | Reached skill level 6 in Necromancy
  3440 | D:4      | Reached XP level 5. HP: 31/35 MP: 2/9
  3457 | D:4      | Found a sand-covered staircase.
  3464 | Ossuary  | Entered an ossuary
  3477 | D:4      | Demolished by a mummy

Action                   |  1- 3 |  4- 6 || total
-------------------------+-------+-------++-------
Melee: Unarmed           |    19 |       ||    19
       Dagger            |    14 |    33 ||    47
 Cast: Pain              |    75 |    50 ||   125
 Stab: Sleeping          |     1 |     1 ||     2
